TOP OF THE 1ST |
Detroit Dirty Snow batting - Pitching for Dunedin Blue Jays : RHP Carlos Díaz
|
Pitching: RHP Carlos Díaz
|
|
Batting: SHB Bob Noble
|
0-0: Foul Ball, location: 2F 0-1: Swinging Strike 0-2: Ball 1-2: Strikes out swinging
|
Batting: RHB Cristo Souza
|
0-0: Ball 1-0: Ball 2-0: SINGLE (Flyball, 89S)
|
Batting: LHB Eric Powell
|
0-0: Called Strike 0-1: Ball 1-1: Ball 2-1: Reached on Error, E8 (Flyball, 89M) Cristo Souza to second
|
Batting: SHB Tim Reid
|
0-0: Called Strike 0-1: Ball 1-1: Foul Ball, location: 2F 1-2: Strikes out swinging
|
Batting: RHB Héctor Berrios
|
0-0: Foul Ball, location: 2F 0-1: Ball 1-1: Called Strike 1-2: Ball 2-2: Strikes out swinging
|
Top of the 1st over - 0 run(s), 1 hit(s), 1 error(s), 2 left on base; Detroit 0 - Dunedin 0 |
BOTTOM OF THE 1ST |
Dunedin Blue Jays batting - Pitching for Detroit Dirty Snow : RHP Frank Davis
|
Pitching: RHP Frank Davis
|
|
Batting: LHB Guy Moss
|
0-0: Called Strike 0-1: Ball 1-1: Ball 2-1: Fly out, F9 (Flyball, 89XD)
|
Batting: SHB Richard Griffin
|
0-0: Called Strike 0-1: Swinging Strike 0-2: Strikes out swinging
|
Batting: RHB Keith Ivey
|
0-0: Ball 1-0: Called Strike 1-1: Foul Ball, location: 2F 1-2: Strikes out looking
|
Bottom of the 1st over - 0 run(s), 0 hit(s), 0 error(s), 0 left on base; Detroit 0 - Dunedin 0 |
TOP OF THE 2ND |
Detroit Dirty Snow batting - Pitching for Dunedin Blue Jays : RHP Carlos Díaz
|
Batting: RHB Manny Perea
|
0-0: Ball 1-0: Swinging Strike 1-1: SINGLE (Line Drive, 7S)
|
Batting: RHB Charlie O'Farrell
|
0-0: Ball 1-0: Ball 2-0: Ball 3-0: Called Strike 3-1: SINGLE (Groundball, 56D) (infield hit) Manny Perea to second
|
Batting: RHB Phil Wright
|
0-0: Called Strike 0-1: Ball 1-1: Foul Ball, location: 2F 1-2: Ball 2-2: 3-RUN HOME RUN (Flyball, 7D), Distance : 411 ft
|
Batting: RHB Arturo Jiménez
|
0-0: Fly out, F7 (Line Drive, 7S)
|
Batting: SHB Bob Noble
|
0-0: Foul Ball, location: 2F 0-1: Foul Ball, location: 2F 0-2: Ball 1-2: Ground out 4-3 (Groundball, 4M)
|
Batting: RHB Cristo Souza
|
0-0: Called Strike 0-1: Swinging Strike 0-2: Ball 1-2: Strikes out swinging
|
Top of the 2nd over - 3 run(s), 3 hit(s), 0 error(s), 0 left on base; Detroit 3 - Dunedin 0 |
BOTTOM OF THE 2ND |
Dunedin Blue Jays batting - Pitching for Detroit Dirty Snow : RHP Frank Davis
|
Batting: RHB Gilberto Tovar
|
0-0: Called Strike 0-1: Ground out 4-3 (Groundball, 4M)
|
Batting: RHB David Castillo
|
0-0: Ball 1-0: Ball 2-0: Swinging Strike 2-1: Ball 3-1: Foul Ball, location: 2F 3-2: Strikes out swinging
|
Batting: LHB Roberto Félix
|
0-0: Called Strike 0-1: Called Strike 0-2: Strikes out looking
|
Bottom of the 2nd over - 0 run(s), 0 hit(s), 0 error(s), 0 left on base; Detroit 3 - Dunedin 0 |
TOP OF THE 3RD |
Detroit Dirty Snow batting - Pitching for Dunedin Blue Jays : RHP Carlos Díaz
|
Batting: LHB Eric Powell
|
0-0: Ball 1-0: Called Strike 1-1: Foul Ball, location: 2F 1-2: Ball 2-2: Ball 3-2: Strikes out looking
|
Batting: SHB Tim Reid
|
0-0: Ball 1-0: Foul Ball, location: 2F 1-1: Called Strike 1-2: Ball 2-2: Ball 3-2: Base on Balls
|
Batting: RHB Héctor Berrios
|
Pickoff Throw to First - Out! 0-0: Called Strike 0-1: Swinging Strike 0-2: Strikes out swinging wild pitch, reaches first!
|
Batting: RHB Manny Perea
|
0-0: Ground out 5-3 (Groundball, 5)
|
Top of the 3rd over - 0 run(s), 0 hit(s), 0 error(s), 1 left on base; Detroit 3 - Dunedin 0 |
BOTTOM OF THE 3RD |
Dunedin Blue Jays batting - Pitching for Detroit Dirty Snow : RHP Frank Davis
|
Batting: RHB Fernando Bórquez
|
0-0: Ball 1-0: Foul Ball, location: 2F 1-1: Foul Ball, location: 2F 1-2: Strikes out looking
|
Batting: RHB José Murillo
|
0-0: Foul Ball, location: 2F 0-1: Foul Ball, location: 2F 0-2: Strikes out swinging
|
Batting: RHB Rafael Carreón
|
0-0: Swinging Strike 0-1: Foul Ball, location: 2F 0-2: Strikes out swinging
|
Bottom of the 3rd over - 0 run(s), 0 hit(s), 0 error(s), 0 left on base; Detroit 3 - Dunedin 0 |
TOP OF THE 4TH |
Detroit Dirty Snow batting - Pitching for Dunedin Blue Jays : RHP Carlos Díaz
|
Batting: RHB Charlie O'Farrell
|
0-0: Ball 1-0: SINGLE (Groundball, 56D)
|
Batting: RHB Phil Wright
|
0-0: Ball 1-0: SINGLE (Line Drive, 5D) Charlie O'Farrell to second
|
Batting: RHB Arturo Jiménez
|
0-0: Foul Ball, location: 2F 0-1: Ball 1-1: Fly out, F9 (Flyball, 3D)
|
Batting: SHB Bob Noble
|
0-0: Ball Charlie O'Farrell steals 3rd base Phil Wright to second 1-0: Ground out 3-1 (Groundball, 34) Charlie O'Farrell scores Phil Wright to third
|
Batting: RHB Cristo Souza
|
0-0: Foul Ball, location: 2F 0-1: Ball 1-1: Called Strike 1-2: Foul Ball, location: 2F 1-2: Strikes out swinging
|
Top of the 4th over - 1 run(s), 2 hit(s), 0 error(s), 1 left on base; Detroit 4 - Dunedin 0 |
BOTTOM OF THE 4TH |
Dunedin Blue Jays batting - Pitching for Detroit Dirty Snow : RHP Frank Davis
|
Batting: LHB Guy Moss
|
0-0: Called Strike 0-1: Reached on error, E5 (Groundball, 56)
|
Batting: SHB Richard Griffin
|
0-0: Ball 1-0: Called Strike 1-1: DOUBLE (Flyball, 7LS) Guy Moss scores
|
Batting: RHB Keith Ivey
|
0-0: Ball 1-0: Ball 2-0: Called Strike 2-1: Fly out, F9 (Flyball, 9LM)
|
Batting: RHB Gilberto Tovar
|
0-0: Called Strike 0-1: Ball 1-1: Foul Ball, location: 2F 1-2: Ball 2-2: Ball 3-2: Strikes out looking
|
Batting: RHB David Castillo
|
0-0: Ball 1-0: Foul Ball, location: 2F 1-1: Called Strike 1-2: Ball 2-2: Strikes out swinging
|
Bottom of the 4th over - 1 run(s), 1 hit(s), 1 error(s), 1 left on base; Detroit 4 - Dunedin 1 |
TOP OF THE 5TH |
Detroit Dirty Snow batting - Pitching for Dunedin Blue Jays : RHP Carlos Díaz
|
Batting: LHB Eric Powell
|
0-0: Ball 1-0: Ball 2-0: Called Strike 2-1: Foul Ball, location: 2F 2-2: DOUBLE (Flyball, 78XD)
|
Batting: SHB Tim Reid
|
0-0: Called Strike 0-1: Ball 1-1: Foul Ball, location: 2F 1-2: Ball 2-2: Ground out 5-3 (Groundball, 56)
|
Pitching: RHP Cliff Long
|
|
Batting: RHB Héctor Berrios
|
0-0: Ground out 1-3 (Groundball, 13S) Eric Powell to third
|
Batting: RHB Manny Perea
|
0-0: SINGLE (Groundball, 4D) Eric Powell scores
|
Batting: RHB Charlie O'Farrell
|
0-0: Ball 1-0: Foul Ball, location: 2F 1-1: Called Strike 1-2: Fielders Choice at 2nd, 5-4 (Groundball, 56)
|
Top of the 5th over - 1 run(s), 2 hit(s), 0 error(s), 0 left on base; Detroit 5 - Dunedin 1 |
BOTTOM OF THE 5TH |
Dunedin Blue Jays batting - Pitching for Detroit Dirty Snow : RHP Frank Davis
|
Batting: LHB Roberto Félix
|
0-0: Foul Ball, location: 2F 0-1: Ball 1-1: SINGLE (Groundball, 34D)
|
Batting: RHB Fernando Bórquez
|
0-0: Fly out, F8 (Flyball, 78M)
|
Batting: RHB José Murillo
|
0-0: Called Strike Roberto Félix steals 2nd base 0-1: Foul Ball, location: 2F 0-2: Strikes out swinging
|
Batting: RHB Rafael Carreón
|
0-0: Called Strike 0-1: Ball 1-1: Foul Ball, location: 2F 1-2: Foul Ball, location: 2F 1-2: DOUBLE (Flyball, 78D) Roberto Félix scores
|
Batting: LHB Guy Moss
|
0-0: Ball 1-0: Ball 2-0: Fly out, F7 (Flyball, 78M)
|
Bottom of the 5th over - 1 run(s), 2 hit(s), 0 error(s), 1 left on base; Detroit 5 - Dunedin 2 |
TOP OF THE 6TH |
Detroit Dirty Snow batting - Pitching for Dunedin Blue Jays : RHP Cliff Long
|
Batting: RHB Phil Wright
|
0-0: Ball 1-0: Ball 2-0: Ground out 5-3 (Groundball, 5L)
|
Batting: RHB Arturo Jiménez
|
0-0: Ball 1-0: Called Strike 1-1: Ball 2-1: Swinging Strike 2-2: Strikes out looking
|
Batting: SHB Bob Noble
|
0-0: Called Strike 0-1: Fly out, F9 (Line Drive, 9S)
|
Top of the 6th over - 0 run(s), 0 hit(s), 0 error(s), 0 left on base; Detroit 5 - Dunedin 2 |
BOTTOM OF THE 6TH |
Dunedin Blue Jays batting - Pitching for Detroit Dirty Snow : RHP Frank Davis
|
Batting: SHB Richard Griffin
|
0-0: Fly out, F7 (Flyball, 78M)
|
Batting: RHB Keith Ivey
|
0-0: Fly out, F9 (Flyball, 9LM)
|
Batting: RHB Gilberto Tovar
|
0-0: Called Strike 0-1: Called Strike 0-2: Foul Ball, location: 2F 0-2: Ball 1-2: Foul Ball, location: 2F 1-2: Foul Ball, location: 2F 1-2: Strikes out looking
|
Bottom of the 6th over - 0 run(s), 0 hit(s), 0 error(s), 0 left on base; Detroit 5 - Dunedin 2 |
TOP OF THE 7TH |
Detroit Dirty Snow batting - Pitching for Dunedin Blue Jays : RHP Cliff Long
|
Batting: RHB Cristo Souza
|
0-0: Called Strike 0-1: Swinging Strike 0-2: Ball 1-2: Ball 2-2: Ball 3-2: Strikes out looking
|
Pitching: RHP Ralph Miller
|
|
Batting: LHB Eric Powell
|
0-0: Called Strike 0-1: Foul Ball, location: 2F 0-2: Foul Ball, location: 2F 0-2: Ball 1-2: Strikes out swinging
|
Batting: SHB Tim Reid
|
0-0: Ball 1-0: Called Strike 1-1: Ball 2-1: Swinging Strike 2-2: Foul Ball, location: 2F 2-2: Fly out, F7 (Popup, 7LS)
|
Top of the 7th over - 0 run(s), 0 hit(s), 0 error(s), 0 left on base; Detroit 5 - Dunedin 2 |
BOTTOM OF THE 7TH |
Dunedin Blue Jays batting - Pitching for Detroit Dirty Snow : RHP Frank Davis
|
Batting: RHB David Castillo
|
0-0: Ground out 6-3 (Groundball, 6)
|
Batting: LHB Roberto Félix
|
0-0: Ball 1-0: Foul Ball, location: 2F 1-1: Fly out, F3 (Line Drive, 34)
|
Batting: RHB Fernando Bórquez
|
0-0: Fly out, F8 (Popup, 78M)
|
Bottom of the 7th over - 0 run(s), 0 hit(s), 0 error(s), 0 left on base; Detroit 5 - Dunedin 2 |
TOP OF THE 8TH |
Detroit Dirty Snow batting - Pitching for Dunedin Blue Jays : RHP Ralph Miller
|
Batting: RHB Héctor Berrios
|
0-0: Swinging Strike 0-1: Called Strike 0-2: Strikes out swinging
|
Batting: RHB Manny Perea
|
0-0: Fly out, F7 (Flyball, 7M)
|
Batting: RHB Charlie O'Farrell
|
0-0: Ball 1-0: SINGLE (Groundball, 56)
|
Batting: RHB Phil Wright
|
0-0: Foul Ball, location: 2F 0-1: Ball 1-1: Ball 2-1: Ball 3-1: Base on Balls Charlie O'Farrell to second
|
Batting: RHB Arturo Jiménez
|
0-0: Ball 1-0: Ball 2-0: Ball 3-0: Called Strike 3-1: Called Strike 3-2: Strikes out swinging
|
Top of the 8th over - 0 run(s), 1 hit(s), 0 error(s), 2 left on base; Detroit 5 - Dunedin 2 |
BOTTOM OF THE 8TH |
Dunedin Blue Jays batting - Pitching for Detroit Dirty Snow : RHP Frank Davis
|
Batting: RHB José Murillo
|
0-0: Called Strike 0-1: SOLO HOME RUN (Flyball, 8LXD) (Inside the Park)
|
Batting: RHB Rafael Carreón
|
0-0: Ball 1-0: Ball 2-0: Called Strike 2-1: Called Strike 2-2: Ground out 3-1 (Groundball, 34)
|
Pitching: RHP Dave Funk
|
|
Batting: LHB Guy Moss
|
0-0: Called Strike 0-1: Called Strike 0-2: SINGLE (Line Drive, 8LS)
|
Pitching: RHP Vaughn Stanley
|
|
Batting: SHB Richard Griffin
|
0-0: Ball 1-0: Called Strike 1-1: Ball 2-1: Ball 3-1: Reached on error, E1 (Groundball, 13) Guy Moss to second
|
Batting: RHB Keith Ivey
|
0-0: Called Strike Guy Moss steals 3rd base Richard Griffin to second 0-1: Foul Ball, location: 2F 0-2: Foul Ball, location: 2F 0-2: Ball 1-2: Ball 2-2: Foul Ball, location: 2F 2-2: Ball 3-2: Foul Ball, location: 2F 3-2: Base on Balls
|
Batting: RHB Gilberto Tovar
|
0-0: Grounds into double play, 6-4-3 (Groundball, 6)
|
Bottom of the 8th over - 1 run(s), 2 hit(s), 1 error(s), 2 left on base; Detroit 5 - Dunedin 3 |
TOP OF THE 9TH |
Detroit Dirty Snow batting - Pitching for Dunedin Blue Jays : RHP Ralph Miller
|
Pitching: LHP Artie Hernández
|
|
Batting: SHB Bob Noble
|
0-0: Called Strike 0-1: Ball 1-1: Ball 2-1: Fly out, F9 (Popup, 89S)
|
Batting: RHB Cristo Souza
|
0-0: Swinging Strike 0-1: Called Strike 0-2: Ball 1-2: Fly out, F8 (Flyball, 8RM)
|
Batting: LHB Eric Powell
|
0-0: SINGLE (Flyball, 8LS)
|
Batting: SHB Tim Reid
|
0-0: Called Strike Eric Powell is caught stealing 2nd base
|
Top of the 9th over - 0 run(s), 1 hit(s), 0 error(s), 0 left on base; Detroit 5 - Dunedin 3 |
BOTTOM OF THE 9TH |
Dunedin Blue Jays batting - Pitching for Detroit Dirty Snow : RHP Vaughn Stanley
|
Pitching: RHP Carl Thomas
|
|
Batting: RHB David Castillo
|
0-0: Ground out 6-3 (Groundball, 6M)
|
Batting: LHB Roberto Félix
|
0-0: Ball 1-0: Ball 2-0: Called Strike 2-1: Ball 3-1: Foul Ball, location: 2F 3-2: Foul Ball, location: 2F 3-2: Foul Ball, location: 2F 3-2: Base on Balls
|
Batting: RHB Fernando Bórquez
|
0-0: Ball 1-0: Foul Ball, location: 2F 1-1: Fly out, F7 (Flyball, 78S)
|
Batting: RHB José Murillo
|
0-0: Ball 1-0: Ball 2-0: DOUBLE (Flyball, 8LXD) Roberto Félix to third Runner from 3rd tries for Home, SAFE, no throw or cutoff
|
Batting: RHB Rafael Carreón
|
0-0: Called Strike 0-1: Ball 1-1: SINGLE (Line Drive, 78S) José Murillo to third
|
Batting: LHB Guy Moss
|
0-0: Ball 1-0: Ground out 1-3 (Groundball, 25)
|
Bottom of the 9th over - 1 run(s), 2 hit(s), 0 error(s), 2 left on base; Detroit 5 - Dunedin 4 |
|